AoeStats
← EL GATO TECHERO

Fortress

509812977Analyzed
3v3 RM · 6d ago on Sep 28, 2026· 28m 7s· 6 players
Game mode
Random Map
Map size
Large (8 player)
Population
200
Speed
Normal
Resources
Standard
Victory
Conquest
Starting age
Dark Age
Ending age
Imperial Age
RankedLock teamsTeams togetherTeam positionsShared explorationLock speedFull tech treeHidden civsTurbo modeCheats
Victory
Defeat
1010
+18
🇵🇪 Byzantines · Peru
993
+18
🇵🇪 Magyars · Peru
766
+27
🇦🇷 Vietnamese · Argentina
1062
-22
🇺🇸 Varangians · United States
1047
-21
🇺🇸 Japanese · United States
1001
-20
ifitsReal
6:25 Feudal Age
10:35 Castle Age
9:53 Double-Bit Axe
9:51 Horse Collar
14:07 Heavy Plow
15:43 Bow Saw
20:11 Wheelbarrow
20:38 Gold Mining
20:42 Stone Mining
22:22 Hand Cart
23:42 Man-at-Arms
24:25 Long Swordsman
25:06 Squires
24:52 Gambesons
25:18 Fletching
26:44 Gold Shaft Mining
26:42 Bodkin Arrow
27:10 Ballistics
27:57 Forging
27:47 Scale Mail Armor
Rock-King
8:12 Feudal Age
12:09 Castle Age
11:23 Double-Bit Axe
15:58 Loom
John G
8:50 Feudal Age
12:59 Castle Age
10:49 Double-Bit Axe
10:47 Horse Collar
11:01 Gold Mining
13:54 Loom
14:46 Wheelbarrow
14:23 Bow Saw
16:20 Heavy Plow
19:34 Hand Cart
22:42 Fletching
23:18 Padded Archer Armor
24:39 Ballistics
24:02 Crossbowman
26:57 Thumb Ring
29:45 Imperial Age
27:41 Bodkin Arrow
28:02 Leather Archer Armor
28:03 Stone Mining
El preñador de coneras
8:25 Loom
10:13 Feudal Age
13:59 Double-Bit Axe
13:58 Horse Collar
16:40 Castle Age
15:18 Wheelbarrow
14:28 Town Watch
16:23 Forging
16:13 Scale Mail Armor
20:04 Squires
19:50 Arson
20:32 Chain Mail Armor
21:53 Iron Casting
21:50 Bow Saw
23:06 Redemption
25:41 Hand Cart
EL GATO TECHERO
8:00 Feudal Age
9:02 Double-Bit Axe
14:35 Castle Age
12:24 Horse Collar
17:21 Bow Saw
18:22 Wheelbarrow
18:45 Heavy Plow
19:07 Loom
21:01 Corvinian Army
22:00 Gold Mining
23:22 Bloodlines
23:13 Husbandry
26:55 Scale Barding Armor
27:33 Hand Cart
28:37 Chain Barding Armor
FOX MULDER
5:02 Loom
9:58 Feudal Age
12:49 Horse Collar
12:59 Double-Bit Axe
17:29 Castle Age
20:45 Imperial Age
23:18 Fletching
28:51 Wheelbarrow
Connection lost

Rejoining the realm…

Still unreachable

The connection could not be restored.

Session expired

The server has moved on; the page needs a fresh start.